 Dungeon Crawl Stone Soup version 0.18.1-50-g88ac8fd (console) character file.

555 Kloppie the Cleaver (level 7, 0/66 HPs)
             Began as a Hill Orc Berserker on Sept 18, 2016.
             Was a Priest of Trog.
             Slain by a worker ant (1 damage)
             ... on level 4 of the Dungeon.
             The game lasted 00:03:50 (2905 turns).

Kloppie the Cleaver (Hill Orc Berserker)            Turns: 2905, Time: 00:03:51

Health: 0/66       AC:  9    Str: 22    XL:     7   Next: 30%
Magic:  7/7        EV:  7    Int:  7    God:    Trog [***...]
Gold:   85         SH:  0    Dex: 10    Spells: 0 memorised, 6 levels left

rFire  . . .     SeeInvis .     a - +0 hand axe
rCold  . . .     Gourm    .     t - +0 chain mail
rNeg   . . .     Faith    .     (no shield)
rPois  .         Spirit   .     (no helmet)
rElec  .         Dismiss  .     (no cloak)
rCorr  .         Reflect  .     w - +0 pair of gloves
SustAt .         Harm     .     (no boots)
MR     .....                    (no amulet)
Stlth  ..........               (no ring)
                                (no ring)

@: lethally poisoned (0 -> -1), very heavily drained, not resistant to hostile
enchantments, extremely unstealthy
A: no striking features
a: Berserk, Trog's Hand, Burn Spellbooks, Renounce Religion


You were on level 4 of the Dungeon.
You worshipped Trog.
Trog was most pleased with you.
You were near starving.

You visited 1 branch of the dungeon, and saw 4 of its levels.

You collected 85 gold pieces.

Inventory:

Hand Weapons
 a - a +0 hand axe (weapon)
Armour
 t - a +0 chain mail (worn)
 w - a +0 pair of gloves (worn)
Scrolls
 d - 2 scrolls of enchant armour {unknown}
 f - a scroll of fog {unknown}
 g - 3 scrolls of remove curse {unknown}
 i - 4 scrolls of identify {unknown}
 j - a scroll of enchant weapon {unknown}
 n - a scroll of fear {unknown}
 r - a scroll of random uselessness {unknown}
 s - a scroll of noise {unknown}
Potions
 b - a potion of might {unknown}
 e - a potion of berserk rage {unknown}
 h - a potion of degeneration {unknown}
 k - a potion of magic {unknown}
 l - a potion of ambrosia {unknown}
 o - 2 potions of mutation {unknown}
 p - a potion of agility {unknown}
 q - 2 potions of flight {unknown}
 u - a potion of cancellation {unknown}
 v - a potion of curing {unknown}
Comestibles
 c - 4 bread rations


   Skills:
 + Level 7.3(0.7) Fighting
 + Level 8.0(1.3) Axes
 - Level 2.1(0.0) Armour
 - Level 1.5(0.0) Dodging


You had 6 spell levels left.
You didn't know any spells.

Dungeon Overview and Level Annotations

Branches:
Dungeon (4/15)
 Temple: D:4-7

Altars:
Nemelex Xobeh


Message History

You closely miss the worker ant.
The worker ant is heavily wounded.
You feel yourself speed up.
You feel sick. The worker ant closely misses you.
The worker ant bites you but does no damage.
You hit the worker ant.
The worker ant is severely wounded.
You feel sick. The worker ant bites you.
* * * LOW HITPOINT WARNING * * *
You hit the worker ant but do no damage.
The worker ant is severely wounded.
You hit the orc.
The orc is almost dead.
You are near starving!
You feel sick.
The worker ant bites you but does no damage.
The orc hits you with a flail.
* * * LOW HITPOINT WARNING * * *
The worker ant bites you.
You die...

#.# ##...## #.###
##.....##
#.#.######..!....##
####....#.##.........#
..).....)............+
####......#..........#
###.#...##.......#
####.####.o...## #.#
##.@.## #.# ##a## #.#
#.# #.# #.# ... #..
#.# ... .... ...#


You could see a worker ant and an orc.

Vanquished Creatures
  The ghost of Kisielow the Conjurer, an amateur DECj of Vehumet (D:4)
  Duvessa (D:4)
  Dowan (D:4)
  Natasha (thrice) (D:4)
  4 adders
  3 gnolls (D:4)
  An ooze (D:1)
  A worm (D:3)
  3 dart slugs
  4 giant geckos
  9 orcs
  2 giant cockroaches
  9 goblins
  6 hobgoblins
  4 jackals
  8 kobolds
  2 ball pythons
  9 bats
  A giant newt (D:1)
  5 rats
77 creatures vanquished.

Notes
Turn   | Place    | Note
--------------------------------------------------------------
     0 | D:1      | Kloppie the Hill Orc Berserker began the quest for the Orb.
     0 | D:1      | Reached XP level 1. HP: 19/19 MP: 1/1
   449 | D:1      | Reached XP level 2. HP: 26/27 MP: 2/2
   555 | D:1      | Reached XP level 3. HP: 23/34 MP: 3/3
   560 | D:1      | Reached ** piety under Trog
  1227 | D:2      | Reached skill level 5 in Axes
  1395 | D:2      | Found a sparkling altar of Nemelex Xobeh.
  1405 | D:2      | Reached skill level 5 in Fighting
  1405 | D:2      | Reached XP level 4. HP: 36/42 MP: 4/4
  2132 | D:3      | Reached XP level 5. HP: 47/48 MP: 5/5
  2377 | D:3      | Reached *** piety under Trog
  2544 | D:4      | Reached skill level 6 in Axes
  2619 | D:4      | Noticed Natasha
  2623 | D:4      | Killed Natasha
  2697 | D:4      | Noticed Kisielow's ghost (amateur DECj)
  2698 | D:4      | Noticed Natasha
  2703 | D:4      | Noticed Duvessa
  2709 | D:4      | Killed Kisielow's ghost
  2709 | D:4      | Reached skill level 7 in Axes
  2709 | D:4      | Reached XP level 6. HP: 58/58 MP: 6/6
  2711 | D:4      | Killed Natasha
  2717 | D:4      | Noticed Dowan
  2738 | D:4      | Killed Duvessa
  2738 | D:4      | Reached XP level 7. HP: 32/66 MP: 7/7
  2753 | D:4      | Killed Dowan
  2872 | D:4      | Noticed Natasha
  2877 | D:4      | Reached skill level 8 in Axes
  2890 | D:4      | Killed Natasha
  2905 | D:4      | HP: 1/66 [orc/flail (5)]
  2905 | D:4      | Slain by a worker ant

Skill      XL: |  1  2  3  4  5  6  7 |
---------------+----------------------+-----
Fighting       | 4 5 6 7 |  7.3
Axes           | 5 7 8 |  8.0
Armour         | |  2.1
Dodging        | |  1.5

Action                   |  1- 3 |  4- 6 |  7- 9 || total
-------------------------+-------+-------+-------++-------
Melee: Hand axe          |    95 |   155 |    39 ||   289
Invok: Berserk           |     2 |     2 |       ||     4
       Trog's Hand       |       |     1 |     1 ||     2
 Stab: Sleeping          |       |     1 |       ||     1
  Eat: Chunk             |     4 |     4 |       ||     8
       Beef jerky        |       |     1 |       ||     1
Armor: Animal skin       |    20 |     6 |       ||    26
       Chain mail        |       |    63 |    36 ||    99
Dodge: Dodged            |    61 |    67 |    18 ||   146
